Zazza, neutral female human Wizard -------------- ------- ###################### --------- |............| #......| -----------#######|.......| |...*........| #|.....| |..........# |.......| |............| #|.....| #-.........|#######........| --|--|-------- #|......##############-----------# |.......| # ###### #---|--- # # -|-----.- ### # # ##### ### # # # # ### # # # # ### ## # # ### ### # # -|----- ### # # # # # |m@...| # # -----|--### # |(@%..| ---|--# |......|# -------|- |....]| |.....# |......|# |....>..| |%....| |....| |......|# |.......| ------- |..<.| |.......# ####################-.......| ------ |......| |.......| -------- --------- Zazza the Evoker Experience level: 2 Strength: 11 Dexterity: 14 Constitution: 12 Intelligence: 18 Wisdom: 9 Charisma: 11 Health: 0(17) Energy: 16(16) Def: 1 Gold: 0 Moves: 741 Dungeon seed: _WPfh69OedJl7KvX Game ID: Zazza_1577179167 Your Inventory: Weapons a - a blessed +1 quarterstaff (weapon in hands) p - 11 cursed -1 arrows u - a +0 orcish dagger v - 9 +0 shuriken Armor e - an uncursed +0 cloak of magic resistance (being worn) Comestibles w - an uncursed tripe ration x - an uncursed tin of jackal meat A - 2 uncursed cloves of garlic B - 4 uncursed food rations C - 4 uncursed tripe rations D - 2 uncursed pancakes Scrolls i - a blessed scroll of identify j - an uncursed scroll of punishment k - an uncursed scroll of remove curse Spellbooks l - a blessed spellbook of force bolt m - an uncursed spellbook of magic missile Potions f - an uncursed potion of speed g - an uncursed potion of water h - an uncursed potion of restore ability t - an uncursed potion of fruit juice z - an uncursed potion of fruit juice Rings c - an uncursed ring of slow digestion (on left hand) d - an uncursed ring of invisibility r - an uncursed +1 ring of gain constitution s - an uncursed ring of teleport control Wands b - a wand of sleep (0:8) Tools n - a magic marker (0:93) o - an uncursed blindfold q - a blessed magic lamp (lit) Spells and supernatural/magical abilities: Name Level Category Fail Memory a - force bolt 1 attack 0% 97% m - magic missile 2 attack 0% 97% W - pray for help -- divine ? -- Your skills at the end: Fighting Skills Weapon Skills quarterstaff [Basic] Spellcasting Skills attack spells [Basic] enchantment spells [Basic] Final Attributes: You were stridently aligned. You were magic-protected. You had slower digestion. You are dead. Vanquished creatures: a kitten 2 geckos 3 jackals a goblin 3 grid bugs a bat 2 lichens a kobold zombie 3 newts 17 creatures vanquished. Voluntary challenges: You were an atheist. You used a wielded weapon 14 times, starting on turn 27. You read items or engraved 1 time, starting on turn 709. You never genocided any monsters. You never polymorphed an object. You never changed form. You used no wishes. You never split a pudding. You wrote Elbereth's name 1 time, starting on turn 709. You never violated your personal moral code. Dungeon overview: The Dungeons of Doom: levels 1 to 2 Level 1 some fountains, a sink a long staircase Level 2 <- You were here a delicatessen History has recorded: On T:1 you entered the Dungeons of Doom to retrieve the Amulet of Yendor! On T:340 you advanced to experience level 2. On T:372 you reached level 2 of The Dungeons of Doom. Score breakdown: Gold: 0 ( 0 points) Experience: 2 levels ( 5570 points) Exploration: 2 levels ( 4.08%) ( 4330 points) Discoveries: 0 items ( 0.00%) ( 0 points) Valuables value: (no points given unless you survive) Artifact value: 0 ( 0 points) Variety of kills: 9 monsters ( 2.36%) ( 4610 points) Turncount: 741 turns ( 0 points) Survival: died (score multiplied by 80%) Total score: 11608 Latest messages: "For you, good lady; only 15 for this tripe ration." C - a tripe ration (unpaid, 15 zorkmids). You see here 2 pancakes (30 zorkmids). "For you, honored lady; only 15 per pancake." D - 2 pancakes (unpaid, 30 zorkmids). Something is written here in the dust. You read: "l|e?e?h". Something is written here in the dust. You read: "l|e e?h". You see here a food ration (45 zorkmids). "For you, esteemed lady; only 45 for this food ration." B - a food ration (unpaid, 45 zorkmids). There are a few objects here. The large mimic hits! "For you, good lady; only 5 for this corpse." E - a gecko corpse (unpaid, 5 zorkmids). You see here a clove of garlic (7 zorkmids). "For you, most gracious lady; only 7 for this clove of garlic." A - a clove of garlic (unpaid, 7 zorkmids). The large mimic hits! You die... Sarangan takes all your possessions. Final status: Goodbye Zazza the Wizard, killed by a large mimic... You died in The Dungeons of Doom on dungeon level 2 with 11608 points, and 0 pieces of gold, after 741 moves. You were level 2 with a maximum of 17 hit points when you died.